Map: [ESL] Tropical Sacrifice

Players

GuMiho

  • Race: Terran Terran
  • Spawn Location: 7:00

HeroMarine - Winner!

  • Race: Terran Terran
  • Spawn Location: 1:00

Event: DreamHack SC2 Masters 2022 Atlanta (Offline)

VOD

Have the link to the VOD?

Description

Time

  • Played on: Nov. 19, 2022, 9:26 a.m.
  • Length: 12:38

All games in this series

Show
View Real Time Build Order
Export as new Build Order

GuMiho Terran 

Build Orders: Reaper Expand 

Get SALT Encoding   

  12  0:00  SCV  
  13  0:12  SCV  
  14  0:17  Supply Depot  
  14  0:24  SCV  
  15  0:39  SCV  
  15  0:40  Barracks  
  16  0:44  Refinery  
  16  0:51  SCV  
  17  1:03  SCV  
  18  1:15  SCV  
  19  1:28  Reaper, Orbital Command  
  20  1:44  Command Center  
  20  1:54  Supply Depot  
  20  1:55  SCV  
  20  2:00  Reaper  
  22  2:07  SCV  
  23  2:14  Barracks  
  23  2:19  SCV  
  23  2:22  Bunker  
  24  2:31  SCV  
  24  2:32  Refinery  
  24  2:33  Barracks Reactor  
  25  2:43  SCV  
  26  2:45  Factory  
  26  2:57  Orbital Command  
  26  2:58  SCV  
  27  3:00  Barracks Tech Lab  
  27  3:09  Marine x2  
  27  3:10  SCV  
  30  3:19  Stimpack, Marine  
  31  3:22  SCV  
  31  3:23  SCV  
  33  3:27  Marine x2  
  33  3:33  Supply Depot  
  35  3:34  Starport  
  35  3:36  SCV  
  35  3:39  SCV  
  35  3:40  Factory Reactor  
  37  3:41  Marine  
  37  3:45  Marine x2  
  40  3:49  SCV  
  40  3:51  SCV  
  40  3:55  Supply Depot  
  42  4:00  Marine  
  42  4:01  SCV  
  44  4:03  SCV, Marine  
  41  4:10  Marine  
  41  4:16  SCV  
  42  4:17  Marine  
  42  4:18  SCV  
  42  4:21  Marine  
  45  4:28  SCV, Medivac, Marine  
  45  4:29  Medivac  
  51  4:32  Factory Tech Lab  
  51  4:33  SCV  
  51  4:35  Marine  
  53  4:38  Refinery, Marine  
  53  4:40  SCV  
  53  4:45  SCV  
  56  4:46  Marine  
  56  4:48  Supply Depot  
  56  4:52  SCV  
  58  4:53  Marine  
  58  4:56  Siege Tank  
  62  5:05  Combat Shield  
  62  5:09  Supply Depot, SCV x2, Marine  
  62  5:12  Supply Depot  
  65  5:16  Marine x2  
  66  5:23  SCV x2, Barracks  
  66  5:28  Starport Reactor  
  68  5:33  Supply Depot  
  68  5:35  SCV x2  
  69  5:47  Marine x3  
  69  5:48  Siege Tank  
  75  5:50  SCV x2  
  77  6:02  SCV x2  
  77  6:05  Marine x3  
  77  6:07  Engineering Bay x2  
  77  6:09  Medivac x2  
  81  6:16  SCV x2, Marine x2  
  83  6:22  Marine x2  
  83  6:23  Marine  
  83  6:30  Cyclone  
  81  6:34  Marine  
  81  6:35  Missile Turret  
  82  6:40  SCV x2  
  82  6:46  Missile Turret  
  83  6:52  SCV, Marine  
  83  6:53  SCV, Marine  
  84  6:59  Marine x3  
  85  7:05  SCV  
  86  7:11  Supply Depot  
  86  7:21  SCV  
  86  7:23  Marine  
  86  7:25  SCV  
  72  7:38  Liberator x2  
  72  7:39  Marine x4  
  72  7:40  Marine  
  72  7:41  Siege Tank  
  72  7:42  SCV x2  
  84  7:54  SCV x2  
  84  7:57  Marine x4  
  84  7:58  Supply Depot x2, Marine  
  88  8:03  Terran Infantry Weapons Level 1  
  89  8:06  SCV x2, Terran Infantry Armor Level 1  
  91  8:14  Marine  
  91  8:15  Marine x2  
  91  8:19  Marine  
  97  8:20  SCV x2  
  97  8:25  Command Center  
  94  8:34  Siege Tank  
  97  8:38  SCV x2  
  97  8:40  Medivac  
  101  8:50  SCV x2  
  101  8:53  Barracks  
  101  8:54  Barracks  
  103  8:59  Marine x2  
  103  9:02  Marine x2  
  107  9:03  Marine  
  107  9:05  SCV x2  
  110  9:20  Supply Depot x2  
  110  9:21  Marine  
  110  9:22  SCV x2, Siege Tank  
  110  9:23  Marine x2  
  110  9:34  Marine x2  
  111  9:39  Marine  
  111  9:41  Marine x2  
  107  9:48  SCV x2  
  107  9:52  Armory, Marine x2  
  108  9:54  Orbital Command  
  108  9:57  Medivac x2, Siege Tank, Marine  
  108  9:59  Barracks Reactor x2, Marine  
  118  10:02  SCV x2  
  118  10:04  Supply Depot  
  118  10:05  Supply Depot  
  120  10:07  Marine  
  120  10:10  Marine x2  
  123  10:14  SCV x2  
  123  10:15  Marine  
  123  10:21  Marine  
  127  10:23  Command Center  
  127  10:25  SCV, Marine  
  127  10:26  SCV x2  
  127  10:28  Marine  
  132  10:29  Supply Depot  
  132  10:36  Marine x6  
  132  10:38  Marine  
  132  10:40  Siege Tank  
  141  10:45  Marine  
  141  10:46  Marine  
  142  10:53  Marine  
  142  10:54  Marine x3  
  146  11:01  Marine  
  146  11:02  Refinery x2  
  146  11:03  Marine x2  
  149  11:06  Command Center, Marine x2  
  151  11:11  Marine  
  151  11:12  Siege Tank  
  153  11:21  Sensor Tower  
  153  11:22  Viking x2  
  153  11:24  Marine x7  
  153  11:25  Marine  
  164  11:29  Marine  
  165  11:42  Marine x8  
  171  11:51  Marine  
  165  12:00  Marine x6  
  169  12:02  Medivac, Siege Tank  
  169  12:03  Marine x2  
  169  12:07  Supply Depot  
  169  12:08  Supply Depot  
  172  12:09  Marine  
  173  12:17  Marine  
  173  12:18  Marine x5  
Show
View Real Time Build Order
Export as new Build Order

HeroMarine Terran - Winner!

Build Orders:  

Get SALT Encoding   

  12  0:00  SCV  
  13  0:12  SCV  
  14  0:17  Supply Depot  
  14  0:24  SCV  
  15  0:39  SCV  
  15  0:40  Barracks  
  16  0:44  Refinery  
  16  0:51  SCV  
  16  0:54  Refinery  
  17  1:03  SCV  
  18  1:15  SCV  
  19  1:27  Reaper, Orbital Command  
  19  1:32  Supply Depot  
  20  1:42  Factory  
  20  1:53  SCV  
  21  1:59  Barracks Reactor  
  21  2:05  SCV  
  22  2:17  Command Center  
  22  2:20  SCV  
  23  2:26  Hellion  
  25  2:33  SCV  
  25  2:35  Reaper x2  
  28  2:40  Supply Depot  
  28  2:45  SCV  
  28  2:49  Hellion  
  31  3:00  Starport  
  31  3:02  SCV  
  32  3:07  Reaper  
  32  3:08  Reaper  
  36  3:12  Hellion  
  36  3:14  SCV  
  37  3:23  Refinery  
  37  3:26  SCV  
  38  3:28  Orbital Command  
  38  3:34  Factory Tech Lab  
  38  3:36  Starport Tech Lab  
  38  3:38  SCV  
  38  3:39  Marine  
  38  3:41  Marine  
  41  3:50  SCV  
  41  3:52  Cyclone  
  45  3:58  SCV  
  48  4:02  SCV  
  45  4:14  SCV  
  45  4:15  SCV, Marine x2  
  44  4:17  Banshee, Cloaking Field  
  44  4:21  Supply Depot  
  45  4:24  Siege Tank  
  45  4:27  SCV x2  
  50  4:33  Marine x2  
  52  4:39  SCV x2  
  54  4:47  Supply Depot  
  54  4:51  SCV x2, Marine x2  
  58  5:03  SCV  
  58  5:04  SCV  
  60  5:08  Banshee, Siege Tank  
  60  5:09  Supply Depot  
  66  5:15  SCV  
  66  5:16  SCV  
  66  5:19  Command Center  
  68  5:21  Marine x2  
  68  5:26  Supply Depot  
  70  5:30  SCV x2  
  72  5:39  Marine x2  
  72  5:41  Siege Tank  
  76  5:43  SCV x2  
  78  5:51  Raven  
  78  5:54  Refinery  
  78  5:56  SCV x2  
  82  5:57  Marine x2  
  82  5:58  Barracks x2  
  82  6:04  Engineering Bay x2  
  80  6:09  SCV x2  
  82  6:15  Marine x2  
  84  6:23  SCV x2  
  84  6:24  Supply Depot  
  84  6:25  Siege Tank  
  89  6:31  Barracks  
  89  6:32  Barracks  
  89  6:38  SCV x2  
  91  6:45  SCV  
  92  6:50  SCV  
  92  6:52  Barracks Reactor, Barracks Tech Lab, Stimpack, Terran Infantry Armor Level 1, Terran Infantry Weapons Level 1  
  93  6:57  Siege Tank  
  96  7:01  Viking  
  96  7:02  Marine  
  96  7:04  SCV x2  
  101  7:12  Marine  
  101  7:13  Viking  
  101  7:16  SCV  
  101  7:17  SCV  
  101  7:20  Missile Turret  
  101  7:21  Missile Turret  
  103  7:28  SCV, Marine  
  103  7:29  SCV x2  
  92  7:35  Viking, Siege Tank  
  77  7:38  Marine  
  77  7:41  SCV x2  
  79  7:44  Viking  
  79  7:46  Combat Shield  
  79  7:50  Marine x2  
  79  7:51  Marine  
  84  7:52  Marine  
  84  7:53  SCV, Marine  
  84  7:54  SCV  
  88  7:59  Marine  
  88  8:01  Orbital Command  
  89  8:07  Medivac  
  89  8:08  Armory, Marine x3  
  89  8:09  SCV x2  
  89  8:10  Marine x2  
  98  8:14  Siege Tank  
  98  8:18  Marine  
  99  8:21  SCV x2  
  99  8:26  Marine x3  
  104  8:27  Sensor Tower  
  104  8:29  Marine x2  
  104  8:31  SCV  
  104  8:33  SCV  
  107  8:38  Refinery  
  107  8:39  Refinery  
  107  8:40  SCV  
  108  8:42  Marine  
  108  8:43  SCV  
  108  8:44  Marine  
  108  8:45  SCV  
  112  8:49  Medivac x2  
  112  8:52  SCV  
  117  9:02  Supply Depot, Terran Infantry Weapons Level 2  
  117  9:06  Supply Depot  
  117  9:12  Supply Depot  
  117  9:15  Marine x4  
  117  9:16  Supply Depot, Missile Turret  
  121  9:20  SCV  
  121  9:22  SCV  
  121  9:23  SCV  
  116  9:25  Marine x2  
  116  9:26  Medivac x2  
  116  9:27  Siege Tank  
  117  9:32  SCV  
  117  9:33  Marine x3  
  117  9:34  SCV  
  117  9:35  SCV  
  117  9:38  Marine  
  119  9:43  Marine  
  119  9:44  SCV, Marine  
  117  9:47  SCV x2  
  117  9:51  Marine x3  
  122  9:56  SCV, Terran Infantry Armor Level 2, Marine  
  124  10:01  Siege Tank, Marine  
  124  10:02  Marine  
  124  10:04  Medivac  
  124  10:06  SCV x2  
  133  10:09  SCV, Marine x3  
  133  10:13  Marine  
  138  10:18  SCV  
  138  10:19  Marine  
  138  10:20  Marine  
  141  10:23  Missile Turret  
  141  10:25  Medivac  
  141  10:26  Missile Turret  
  141  10:27  Marine x3  
  146  10:31  Marine  
  146  10:32  Supply Depot, Terran Vehicle Weapons Level 1  
  147  10:36  Marine  
  147  10:38  Siege Tank, Marine  
  147  10:42  Medivac  
  154  10:44  Marine x3  
  157  10:53  Marine  
  157  10:54  Supply Depot, Medivac, Marine  
  157  10:55  Marine  
  162  11:01  Command Center  
  162  11:02  Marine  
  165  11:07  Supply Depot  
  165  11:10  Barracks Reactor x2  
  163  11:11  Marine  
  163  11:12  Supply Depot, Viking, Marine  
  163  11:13  Siege Tank, Marine  
  163  11:15  SCV x2  
  163  11:16  SCV, Factory  
  174  11:24  Viking  
  176  11:26  Marine  
  176  11:29  Marine  
  176  11:30  Marine  
  175  11:42  Marine  
  175  11:44  Marine  
  175  11:46  Siege Tank  
  180  11:47  Marine  
  180  11:48  Marine  
  180  11:52  Marine  
  182  11:54  Marine x3  
  182  12:00  Marine  
  177  12:02  Marine  
  177  12:04  Marine  
  177  12:05  Marine  
  180  12:10  Marine  
  180  12:12  Marine x3  
  184  12:20  Marine  
Tags
 
Add a new tag
Caveats
  • Supply blocks, unpowered buildings, or Contaminate may cause inaccurate times.
  • Supply counts are checked every 10 seconds.